Map: Daybreak LE (Void)

Players

Juxtapose - Winner!

  • Race: Protoss Protoss
  • Spawn Location: 7:00

A.I. 1 (Harder)

  • Race: Zerg Zerg
  • Spawn Location: 1:00

VOD

https://youtu.be/n5qOp5nBdYs

Description

This is my first match against the Harder AI, and I had a lot of fun.

In Warcraft III: The Frozen Throne, and even in Starcraft: Brood War, there were plenty of Ladder Maps without ramps, so I'm used to building closer to my Town Hall and defending that way. With StarCraft II though, it seems ramps are all the maps, so I tried doing a better ramp-block base build this time.

Mistakes I made through the match though, and thus need to tighten up next time:

- I forgot to build a Mothership Core.
- I completely forgot to re-assign Chrono Boost. Oops...
- I should expand to a third base sooner for a better economy.

Those were the major things I noticed.

Time

  • Played on: Dec. 4, 2016, 11 a.m.
  • Length: 11:38
Show
View Real Time Build Order
Export as new Build Order

Juxtapose Protoss - Winner!

Build Orders:  

Get SALT Encoding   

  12  0:01  Probe (Chrono Boost)  
  13  0:17  Pylon  
  13  0:19  Probe (Chrono Boost)  
  14  0:29  Probe (Chrono Boost)  
  15  0:42  Gateway, Probe (Chrono Boost)  
  16  0:50  Pylon  
  16  0:53  Probe (Chrono Boost)  
  17  1:03  Assimilator  
  17  1:04  Probe (Chrono Boost)  
  18  1:14  Probe (Chrono Boost)  
  19  1:22  Assimilator, Pylon  
  19  1:25  Probe (Chrono Boost)  
  20  1:30  Zealot  
  22  1:35  Probe (Chrono Boost)  
  23  1:46  Probe (Chrono Boost)  
  24  1:54  Cybernetics Core  
  24  1:56  Forge  
  24  2:04  Zealot  
  26  2:12  Pylon  
  26  2:27  Gateway  
  26  2:35  Zealot  
  28  2:38  Warp Gate  
  28  2:42  Protoss Ground Weapons Level 1  
  28  3:05  Twilight Council  
  28  3:09  Pylon  
  28  3:14  Stalker  
  28  3:16  Stalker  
  32  3:36  Robotics Facility  
  32  3:38  Pylon  
  32  3:40  Probe (Chrono Boost)  
  33  3:55  Stalker x2  
  37  4:25  Nexus  
  37  4:30  Pylon  
  37  4:44  Protoss Ground Armor Level 1  
  37  4:47  Blink  
  37  5:10  Warp Prism  
  39  5:17  Photon Cannon  
  39  5:19  Pylon  
  39  5:22  Assimilator  
  39  5:25  Sentry  
  39  5:26  Sentry  
  43  5:38  Gateway  
  43  5:53  Probe (Chrono Boost)  
  44  6:03  Probe (Chrono Boost)  
  45  6:14  Probe (Chrono Boost)  
  45  6:17  Zealot  
  48  6:25  Probe (Chrono Boost)  
  49  6:26  Zealot  
  51  6:35  Probe (Chrono Boost)  
  51  6:38  Stalker  
  54  6:46  Probe (Chrono Boost)  
  55  6:47  Immortal  
  55  6:48  Charge  
  59  6:55  Assimilator  
  59  6:56  Probe (Chrono Boost)  
  59  7:00  Photon Cannon  
  60  7:07  Probe (Chrono Boost)  
  61  7:15  Stalker  
  61  7:16  Stalker  
  61  7:20  Probe (Chrono Boost)  
  66  7:26  Observer  
  67  7:31  Probe (Chrono Boost)  
  68  7:41  Zealot x2  
  72  7:46  Protoss Ground Weapons Level 2  
  72  7:48  Immortal  
  72  7:49  Probe (Chrono Boost)  
  77  7:56  Sentry  
  79  7:59  Probe (Chrono Boost)  
  80  8:10  Probe (Chrono Boost)  
  81  8:14  Sentry  
  81  8:15  Zealot  
  85  8:20  Probe (Chrono Boost)  
  86  8:31  Immortal, Probe (Chrono Boost)  
  91  8:41  Probe (Chrono Boost)  
  76  9:10  Immortal, Zealot x2  
  76  9:11  Zealot  
  84  9:38  Stalker  
  84  9:39  Stalker x2  
  86  9:49  Immortal  
  89  10:12  Zealot x2  
  89  10:51  Pylon  
  83  11:10  Nexus  
  83  11:11  Sentry x2  
  85  11:12  Pylon, Zealot  
  85  11:15  Pylon  
  85  11:17  Assimilator  
  89  11:22  Assimilator  
Show
View Real Time Build Order
Export as new Build Order

A.I. 1 (Harder) Zerg 

Build Orders: Pool First 

Get SALT Encoding   

  12  0:00  Drone  
  13  0:12  Overlord  
  13  0:17  Drone  
  14  0:30  Drone x2  
  16  0:42  Spawning Pool  
  16  0:45  Drone  
  16  0:48  Drone  
  17  0:52  Extractor  
  17  0:55  Drone  
  17  1:06  Overlord  
  17  1:30  Queen  
  17  1:31  Zergling x2  
  20  1:35  Zergling x2  
  20  1:38  Drone, Roach Warren  
  21  1:41  Extractor  
  20  1:49  Drone  
  21  1:59  Drone  
  22  2:10  Lair  
  22  2:14  Drone  
  23  2:27  Drone  
  24  2:36  Overlord  
  24  2:40  Zergling x2  
  25  2:53  Zergling x2  
  26  3:05  Zergling x2  
  27  3:09  Infestation Pit, Zergling x2  
  27  3:10  Drone  
  28  3:13  Overlord  
  28  3:30  Metabolic Boost  
  28  3:40  Drone  
  29  3:45  Drone, Infestor  
  32  3:49  Drone  
  32  3:50  Infestor  
  32  3:52  Drone  
  36  3:59  Infestor  
  38  4:10  Drone, Evolution Chamber  
  38  4:11  Drone, Overlord  
  38  4:12  Drone  
  40  4:22  Drone  
  41  4:32  Infestor  
  41  4:37  Baneling Nest  
  42  4:58  Roach, Overlord  
  44  5:06  Roach  
  46  5:09  Drone, Hydralisk Den  
  46  5:22  Hatchery, Drone  
  46  5:27  Ravager  
  47  5:32  Roach  
  49  5:39  Hydralisk  
  45  5:47  Hydralisk  
  43  5:55  Zergling x2  
  44  6:03  Hydralisk  
  46  6:09  Zerg Melee Weapons Level 1  
  46  6:34  Drone  
  46  6:35  Drone x4  
  46  6:36  Drone x2  
  53  6:41  Extractor  
  53  6:44  Drone  
  53  6:45  Extractor  
  53  6:46  Drone  
  53  6:51  Drone x3  
  56  6:55  Drone  
  56  6:58  Drone  
  58  7:05  Drone  
  59  7:09  Drone  
  59  7:12  Burrow  
  60  7:16  Drone  
  60  7:19  Overlord  
  60  7:22  Drone, Roach  
  64  7:23  Drone  
  64  7:27  Drone  
  66  7:32  Roach  
  68  7:37  Drone  
  68  7:39  Ravager  
  68  7:40  Ravager  
  68  7:42  Overlord  
  71  7:48  Drone  
  72  7:53  Drone  
  72  7:54  Roach, Drone  
  72  7:56  Spore Crawler, Drone  
  76  8:00  Drone  
  76  8:03  Overseer, Zerg Missile Weapons Level 1  
  76  8:04  Overlord  
  76  8:05  Spore Crawler  
  76  8:07  Spore Crawler  
  76  8:10  Drone  
  76  8:12  Overseer  
  76  8:13  Spore Crawler  
  76  8:15  Roach  
  77  8:22  Queen, Overlord  
  77  8:24  Queen  
  77  8:25  Hydralisk  
  83  8:30  Drone, Spine Crawler  
  83  8:33  Hydralisk  
  85  8:35  Spine Crawler  
  85  8:36  Drone  
  85  8:41  Drone, Spine Crawler, Hydralisk  
  84  8:46  Drone, Spine Crawler  
  86  8:56  Spire, Zergling x2  
  86  9:00  Evolution Chamber  
  86  9:01  Roach  
  79  9:05  Roach  
  69  9:10  Roach  
  69  9:14  Roach  
  60  9:18  Roach  
  60  9:19  Hatchery  
  58  9:24  Hydralisk  
  58  9:27  Overseer  
  58  9:30  Zergling x2  
  59  9:34  Drone, Roach  
  59  9:37  Hydralisk  
  59  9:38  Drone  
  55  9:42  Roach  
  38  9:52  Drone  
  33  10:10  Roach  
  35  10:15  Drone  
  35  10:20  Drone  
  37  10:26  Drone  
  32  10:36  Drone, Hydralisk  
  32  10:42  Drone x7, Zergling x2  
  31  10:43  Drone x9  
  31  10:44  Drone  
  30  10:50  Zergling x2  
  30  10:56  Queen  
  29  11:02  Zergling x2  
  24  11:06  Drone  
Tags
 
Add a new tag
Caveats
  • Supply blocks, unpowered buildings, or Contaminate may cause inaccurate times.
  • Supply counts are checked every 10 seconds.